 Dungeon Crawl Stone Soup version 0.32-a0-928-g1cae6b7ea0 (webtiles) character file.

Game seed: 8574310168644905020

10526 ezpacito the Chopper (level 11, -2/92 HPs)
             Began as a Coglin Chaos Knight on Apr 13, 2024.
             Was a Plaything of Xom.
             Slain by a skeletal warrior
             ... wielding a +0 glaive
              (9 damage)
             ... on level 11 of the Dungeon.
             The game lasted 00:15:19 (10249 turns).

ezpacito the Chopper (Coglin Chaos Knight)         Turns: 10249, Time: 00:15:20

Health: -2/92      AC: 17    Str: 15    XL:     11   Next: 63%
Magic:  6/25       EV: 10    Int: 22    God:    Xom [...*..]
Gold:   55         SH:  0    Dex: 13    Spells: 0/17 levels left

rFire   + . .        a - +1 hand axe (chaos) {Sebastián}
rCold   + . .        p - +5 short sword of Jityer {drain, MP+9 Int+2}
rNeg    . . .        j - +3 scale mail {Will+}
rPois   .            g - +2 hat "Cazigraduu" {rElec rC+}
rElec   +            u - +0 cloak {Will+}
rCorr   .            e - +1 pair of gloves
SInv    +            n - +0 pair of boots
Will    ++...        (amulet unavailable)
Stlth   ++           (ring unavailable)
HPRegen 0.35/turn    (ring unavailable)
MPRegen 0.19/turn    (no gizmo)

%: no passive effects
@: about to teleport
A: off-hand wielding, slow wielding, warmup strikes, no jewellery, antennae 1,
thin skeletal structure 1, see invisible, clever 2, fire resistance 1, passive
freeze, robust 1, wild magic 1, MP-powered wands
a: Invent Gizmo, Renounce Religion


You were on level 11 of the Dungeon.
You worshipped Xom.
You were a favourite toy of Xom.
You visited 2 branches of the dungeon, and saw 12 of its levels.
You also visited: Sewer.

You collected 627 gold pieces.
You spent 572 gold pieces at shops.

Inventory:

Hand Weapons
 a - a +1 hand axe of chaos (weapon) {Sebastián}
 p - the +5 short sword of Jityer (offhand) {drain, MP+9 Int+2}
   (You found it on level 2 of the Dungeon)

   Int+2:     It affects your intelligence (+2).
   MP+9:      It affects your magic capacity (+9).
 s - a +1 heavy sling
 v - a +2 dagger of pain
 B - a +0 glaive of chaos
 I - a +1 heavy hand axe
Missiles
 c - 18 boomerangs (quivered)
 f - 47 poisoned darts
 F - a curare-tipped dart
Armour
 e - a +1 pair of gloves (worn)
 g - the +2 hat "Cazigraduu" (worn) {rElec rC+}
   (You bought it in a shop on level 5 of the Dungeon)

   rC+:       It protects you from cold.
   rElec:     It insulates you from electricity.
 j - a +3 scale mail of willpower (worn)
 n - a +0 pair of boots (worn)
 u - a +0 cloak of willpower (worn)
Magical Staves
 H - a staff of earth
 J - a staff of fire
Talismans
 w - a flux talisman
Wands
 r - a wand of flame (37)
 D - a wand of digging (4)
 G - a wand of mindburst (2)
Scrolls
 b - a scroll of revelation
 i - a scroll of identify
 k - 2 scrolls of immolation
 m - 2 scrolls of vulnerability
 t - 2 scrolls of teleportation
 A - a scroll of amnesia
Potions
 h - 3 potions of haste
 o - 5 potions of mutation
 q - 2 potions of curing
 z - 2 potions of enlightenment
 C - a potion of lignification


   Skills:
 * Level 7.1 Fighting
 * Level 7.2(8.3) Axes
 * Level 5.8(7.2) Polearms
 + Level 1.0 Throwing
 * Level 6.0 Armour
 * Level 5.9 Dodging
 + Level 4.0 Stealth
 + Level 3.7 Spellcasting
 + Level 0.8 Conjurations
 + Level 0.3 Hexes
 + Level 3.9 Summonings
 + Level 3.9 Necromancy
 + Level 0.3 Fire Magic
 + Level 0.5 Ice Magic
 + Level 0.3 Earth Magic
 + Level 5.2 Evocations
 + Level 3.0 Shapeshifting


You couldn't memorise any spells.
You knew the following spells:

 Your Spells              Type           Power      Damage    Failure   Level
a - Ensorcelled Hibernat  Hex/Ice        14%        N/A       54%         2
b - Animate Armour        Summ/Erth      34%        N/A       89%         4
c - Lehudib's Crystal Sp  Conj/Erth      4%         10d3      100%        8
w - Passwall              Erth           7%         N/A       78%         3

Your spell library contained the following spells:

 Spells                   Type           Power      Damage    Failure   Level
 Stone Arrow              Conj/Erth      16%        3d8       75%         3
 Swiftness                Air            5%         N/A       82%         3
 Vhi's Electric Charge    Tloc/Air       10%        N/A       99%         4
 Summon Forest            Summ/Tloc      8%         N/A       99%         5
 Summon Mana Viper        Hex/Summ       17%        N/A       99%         5
 Arcjolt                  Conj/Air       3%         1d13      100%        5
 Plasma Beam              Fire/Air       3%         2x1d13    100%        6
 Summon Cactus Giant      Summ           14%        N/A       100%        6


Dungeon Overview and Level Annotations

Branches:
Dungeon (11/15)            Temple (1/1) D:5            Lair (0/5) D:8
    Orc (0/2) D:9           Sewer (visited)

Altars:
Ashenzari
Cheibriados
Dithmenos
Elyvilon
Fedhas
Gozag
Hepliaklqana
Kikubaaqudgha
Makhleb
Nemelex Xobeh
Okawaru
Qazlal
Ru
Sif Muna
Trog
Uskayaw
Vehumet
Wu Jian
Xom
Yredelemnul
Zin
The Shining One
Beogh

Shops:
D:3 [   D:4 [   D:5 [=[[:


Innate Abilities, Weirdness & Mutations

You can wield a second weapon in your off-hand.
It takes a long time for you to wield or remove held weapons.
Your first few attacks do less damage.
You cannot equip rings or amulets.
You have a pair of small antennae on your head.
You have a somewhat thin skeletal structure. (Dex +2, Stealth+)
You have supernaturally acute eyesight. (SInv)
Your mind is very acute. (Int +8, Str/Dex -2)
Your flesh is heat resistant. (rF+)
A frigid envelope surrounds you and freezes all who hurt you.
You are robust. (+10% HP)
Your spells are a little harder to cast, but a little more powerful.
You expend magic power (3 MP) to strengthen your wands.


Message History

The skeletal warrior escapes! x2
Your Shapeshifting skill increases to level 3!
You now have 8/25 mp.
You barely miss the skeletal warrior with the +5 short sword of Jityer.
The skeletal warrior is moderately damaged.
You hit the skeletal warrior with your +1 hand axe of chaos.
A brown ugly thing comes into view.
A troll comes into view.
The air fills with toxic fumes!
As you read the scroll labelled LETANI INEWI, it crumbles to dust.
It was a scroll of poison.
Xom thinks this is hilarious!
The skeletal warrior hits you with a +0 mace!
The skeletal warrior hits you with a +0 war axe!!
The skeletal warrior is very cold.
The skeletal warrior resists.
The skeletal warrior is moderately damaged.
The brown ugly thing is engulfed in poison gas.
The brown ugly thing is poisoned.
You take 38 damage, and have 37/92 hp.
MASSIVE DAMAGE!!
Okay, then.
As you read the scroll of teleportation, it crumbles to dust.
You feel strangely unstable.
The skeletal warrior hits you with a +0 mace!
* * * LOW HITPOINT WARNING * * *
The skeletal warrior barely misses you.
The skeletal warrior closely misses you.
The brown ugly thing is engulfed in poison gas.
The brown ugly thing looks even sicker.
You take 15 damage, and have 22/92 hp.
Okay, then.
Aiming: Mindburst
Press: ? - help, Shift-Dir - straight line, f - skeletal warrior, p - skeletal warrior
Aim: a skeletal warrior, wielding a +0 mace (severely damaged, chance to affect: 26%)
You feel a surge of power!
The skeletal warrior easily resists.
The skeletal warrior hits you with a +0 mace!
* * * LOW HITPOINT WARNING * * *
The skeletal warrior is very cold.
The skeletal warrior resists.
The skeletal warrior is severely damaged.
The skeletal warrior hits you from afar with a +0 glaive!
You die...
Xom is highly amused!

#................#.# #..
##§§§...§§§§§§...# ###..
.#
##§§...§§§§§....####...
# ##§##.§§§§.....^.##.#.
....
§###§§##§§§###.....##.##
....
§§§§§§§§§§§§#..##.....##
.#..
§§§§§§§§§§§§##§)###...##
.# .
§§§§§§§§§§§§§§§###.....#
...
§§§§§§z@§§§#...###.##..#
#...
§§§§V§zz§§§###.##...#...
...
§§.§#§z#§§§§##.###....##
####§§##§§§§#... #.....#
##T #§u§§§§..##...#<# §.
.§§§§§§§..##..#.. §§
.§§§§§§§......#.. §§§
.§§.§§#§. ##..... ...
.....# ##....


You could see a brown ugly thing (very poisoned), 4 skeletal warriors, a troll
and a vampire.

Vanquished Creatures
  A two-headed ogre (D:10)
  A skeletal warrior (D:11)
  Pikel (D:7)
  An oklob plant (D:7)
  Joseph (D:7)
  An unseen horror (D:10)
  2 komodo dragons
  A hornet (D:9)
  Sigmund (D:3)
  2 wyverns (D:8)
  6 yaks
  A basilisk (D:11)
  A steam dragon (D:8)
  Menkaure (D:7)
  An acid dragon (D:11)
  5 water moccasins (D:8)
  An ice beast (D:7)
  9 orc warriors
  4 black bears
  6 centaurs
  4 ogres
  2 lemures
  4 phantoms (D:5)
  5 kobold brigands
  4 bullfrogs (D:8)
  A gnoll sergeant (D:6)
  A wyvern zombie (D:5)
  3 scorpions
  A water moccasin zombie (D:5)
  3 wights (D:8)
  A wyvern skeleton (D:5)
  5 howler monkeys
  A human zombie (D:5)
  A bullfrog zombie (D:5)
  2 jellies
  6 hounds
  A gnoll bouda (D:6)
  8 orc priests
  Crazy Yiuf (D:5)
  4 iguanas
  A sleepcap (D:5)
  Terence (D:2)
  6 orc wizards
  A scorpion zombie (D:5)
  2 hound zombies (D:5)
  12 gnolls
  10 adders
  3 shadow imps
  3 white imps
  4 ufetubi
  A dart slug (D:1)
  3 ribbon worms
  39 orcs
  9 ball pythons
  6 bats
  13 endoplasms
  A giant cockroach (D:2)
  7 goblins
  7 hobgoblins
  2 jackals (D:1)
  34 kobolds
  2 quokkas (D:1)
  6 frilled lizards
  9 rats
287 creatures vanquished.

Vanquished Creatures (collateral kills)
  A shadow (D:10)
  A scorpion (D:4)
  An orc (D:5)
3 creatures vanquished.

Vanquished Creatures (others)
  A yak (D:9)
  A bullfrog (D:7)
  7 kobolds (D:8)
9 creatures vanquished.

Grand Total: 299 creatures vanquished

Notes
Turn   | Place    | Note
-------+----------+-------------------------------------------
     0 | D:1      | ezpacito the Coglin Chaos Knight began the quest for the
                  | Orb.
     0 | D:1      | Reached XP level 1. HP: 18/18 MP: 1/1
   128 | D:1      | Reached skill level 1 in Dodging
   159 | D:1      | Reached XP level 2. HP: 24/24 MP: 2/2
   258 | D:1      | XOM: divination: detect creatures
   304 | D:1      | XOM: divination: magic mapping
   324 | D:1      | Reached XP level 3. HP: 29/29 MP: 3/3
   579 | D:2      | Noticed Terence
   583 | D:2      | XOM: divination: detect items
   585 | D:2      | Killed Terence
   586 | D:2      | Reached XP level 4. HP: 26/35 MP: 4/4
   648 | D:2      | XOM: divination: magic mapping
   690 | D:2      | Reached skill level 1 in Polearms
   736 | D:2      | XOM: divination: detect creatures
   763 | D:2      | Identified the +5 short sword of Jityer {drain, MP+9 Int+2}
  1028 | D:2      | Found a stormy altar of Qazlal.
  1099 | D:2      | XOM: silly message
  1311 | D:2      | XOM: noise
  1350 | D:3      | Reached XP level 5. HP: 41/41 MP: 6/6
  1549 | D:3      | Found a basalt altar of Yredelemnul.
  1649 | D:3      | Reached skill level 1 in Stealth
  1670 | D:3      | Noticed Sigmund
  1680 | D:3      | Killed Sigmund
  1681 | D:3      | Reached skill level 1 in Spellcasting
  1681 | D:3      | Reached XP level 6. HP: 39/48 MP: 7/7
  1750 | D:3      | Found Irarajoy's Antique Armour Emporium.
  1859 | D:3      | XOM: stat loss: -1 Int (12/13)
  1908 | D:3      | Found an ornate altar of the Wu Jian Council.
  1977 | D:3      | Found a sacrificial altar of Ru.
  2023 | D:3      | Found a burning altar of Makhleb.
  2065 | D:3      | XOM: silly message
  2194 | D:3      | XOM: summons 2 hostile demons
  2250 | D:3      | XOM: god gift: +2 kite shield of protection
  2331 | D:4      | Found a radiant altar of Vehumet.
  2421 | D:4      | Reached XP level 7. HP: 32/54 MP: 9/9
  2512 | D:4      | XOM: enchant monster (bad)
  2520 | D:4      | Found a hazy altar of Hepliaklqana.
  2609 | D:4      | XOM: cast spell 'Monstrous Menagerie'
  2614 | D:4      | Reached skill level 1 in Evocations
  2683 | D:4      | Found Laphosuo's Armour Emporium.
  2706 | D:4      | Found a broken altar of Ashenzari.
  2878 | D:4      | XOM: give mutation
  2878 | D:4      | Gained mutation: Your spells are a little harder to cast,
                  | but a little more powerful. [Xom's grace]
  2911 | D:3      | Bought a runed cloak for 187 gold pieces
  2946 | D:5      | Entered Level 5 of the Dungeon
  2946 | D:5      | Found Jiesch's Book Emporium.
  2946 | D:5      | Found Tiusaf's Armour Boutique.
  2948 | D:5      | XOM: repel stairs
  2951 | D:5      | XOM: summons 2 friendly demons
  3098 | D:5      | XOM: cast spell 'Iskenderun's Battlesphere'
  3186 | D:5      | XOM: cleaving
  3233 | D:5      | Learned a level 2 spell: Ensorcelled Hibernation
  3237 | D:5      | Learned a level 3 spell: Passwall
  3242 | D:5      | Learned a level 4 spell: Animate Armour
  3275 | D:5      | Found a staircase to the Ecumenical Temple.
  3293 | Temple   | Entered the Ecumenical Temple
  3335 | D:5      | Reached skill level 1 in Shapeshifting
  3335 | D:5      | Reached XP level 8. HP: 58/61 MP: 10/10
  3478 | D:5      | Found a bloodstained altar of Trog.
  3540 | D:5      | XOM: scenery: create altars
  3567 | D:5      | Found Nefosch's Antique Armour Emporium.
  3607 | D:5      | Reached skill level 1 in Summonings
  3607 | D:5      | Reached skill level 1 in Necromancy
  3675 | D:5      | Found an ancient bone altar of Kikubaaqudgha.
  3757 | D:5      | Reached skill level 5 in Axes
  3793 | D:5      | XOM: god gift: scroll labelled JOVOHU SENOXAQO {god gift}
  3824 | D:5      | Reached skill level 5 in Fighting
  3946 | D:5      | Reached XP level 9. HP: 64/68 MP: 12/12
  4063 | D:5      | Found Soefamah's Antique Armour Shop.
  4072 | D:5      | XOM: 4-stop teleportation journey
  4089 | D:5      | Found Uhit Tan's Jewellery Shop.
  4120 | D:5      | XOM: scenery: create altars
  4187 | D:5      | XOM: god gift: brown potion {god gift}
  4540 | D:5      | Found a runed translucent door.
  4541 | D:5      | Noticed Crazy Yiuf
  4546 | D:5      | Killed Crazy Yiuf
  4678 | D:6      | XOM: enchant monster (good)
  4750 | D:6      | Found a glowing drain.
  4767 | Sewer    | Entered a sewer
  5154 | D:6      | Found a shadowy altar of Dithmenos.
  5457 | D:6      | XOM: god gift: potion of heal wounds
  5468 | D:7      | Noticed Pikel
  5470 | D:7      | XOM: divination: detect creatures
  5483 | D:7      | XOM: enchant monster (good)
  5484 | D:7      | XOM: noise
  5490 | D:6      | XOM: cast spell 'Dispersal'
  5494 | D:6      | XOM: polymorph lemure -> white imp
  5664 | D:7      | Killed Pikel
  5747 | D:7      | XOM: 1-stop teleportation journey
  5849 | D:7      | Noticed Joseph
  5864 | D:7      | Killed Joseph
  5865 | D:7      | Reached XP level 10. HP: 53/76 MP: 14/14
  5934 | D:7      | XOM: chaos upgrade
  6056 | D:7      | Noticed Menkaure
  6065 | D:7      | Killed Menkaure
  6148 | D:7      | Found a blossoming altar of Fedhas.
  6164 | D:7      | Noticed an oklob plant
  6249 | D:7      | Found a snail-covered altar of Cheibriados.
  6431 | D:7      | XOM: smoke on damage
  6444 | D:7      | XOM: divination: magic mapping
  6455 | D:7      | Killed an oklob plant
  6456 | D:7      | Reached skill level 5 in Armour
  6465 | D:7      | XOM: torment (38/76 hp)
  6630 | D:8      | Found a faded altar of an unknown god.
  6646 | D:8      | XOM: confuse monster(s)
  6671 | D:8      | Found a staircase to the Lair.
  6705 | D:8      | Reached skill level 5 in Dodging
  6729 | D:8      | XOM: destruction
  6737 | D:8      | Reached skill level 5 in Polearms
  6846 | D:8      | XOM: scenery: create altars
  7032 | D:8      | Found a hide-covered altar of Uskayaw.
  7033 | D:8      | Noticed a +0 hand axe
  7033 | D:8      | Noticed a +0 hand axe
  7162 | D:8      | XOM: 1-stop teleportation journey
  7245 | D:8      | XOM: give mutations
  7245 | D:8      | Gained mutation: You have supernaturally acute eyesight.
                  | (SInv) [Xom's grace]
  7245 | D:8      | Gained mutation: Your mind is acute. (Int +4, Str/Dex -1)
                  | [Xom's grace]
  7245 | D:8      | Gained mutation: Your flesh is heat resistant. (rF+) [Xom's
                  | grace]
  7245 | D:8      | Gained mutation: You have a pair of small antennae on your
                  | head. [Xom's grace]
  7280 | D:8      | XOM: give mutation
  7280 | D:8      | Gained mutation: You have a somewhat thin skeletal
                  | structure. (Dex +2, Stealth+) [Xom's grace]
  7435 | D:8      | Found a shimmering blue altar of Sif Muna.
  7468 | D:8      | Found a glowing golden altar of the Shining One.
  7537 | D:9      | Found an iron altar of Okawaru.
  7820 | D:9      | XOM: summons friendly white imp
  8037 | D:9      | Reached XP level 11. HP: 83/83 MP: 16/16
  8046 | D:9      | XOM: divine lightning
  8115 | D:9      | Found a stormy altar of Qazlal.
  8237 | D:9      | Found a shimmering altar of Xom.
  8265 | D:9      | XOM: give mutations
  8265 | D:9      | Gained mutation: A frigid envelope surrounds you and
                  | freezes all who hurt you. [Xom's grace]
  8265 | D:9      | Gained mutation: Your mind is very acute. (Int +8, Str/Dex
                  | -2) [Xom's grace]
  8265 | D:9      | Gained mutation: You expend magic power (3 MP) to
                  | strengthen your wands. [Xom's grace]
  8265 | D:9      | Gained mutation: You are robust. (+10% HP) [Xom's grace]
  8314 | D:9      | XOM: 1-stop teleportation journey
  8360 | D:9      | Found a roughly hewn altar of Beogh.
  8360 | D:9      | Found a staircase to the Orcish Mines.
  8667 | D:9      | Found an opulent altar of Gozag.
  8667 | D:9      | Found a glowing silver altar of Zin.
  8749 | D:9      | XOM: god gift: staff of fire
  8814 | D:9      | Learned a level 8 spell: Lehudib's Crystal Spear
  8861 | D:10     | Entered Level 10 of the Dungeon
  8966 | D:10     | XOM: summons 11 friendly demons
  9078 | D:10     | XOM: smoke on damage
  9081 | D:10     | Noticed a two-headed ogre
  9124 | D:10     | XOM: divination: detect creatures
  9127 | D:10     | Killed a two-headed ogre
  9128 | D:10     | Reached skill level 5 in Evocations
  9313 | D:10     | Found a sparkling altar of Nemelex Xobeh.
  9524 | D:10     | XOM: scenery: summon butterflies
  9815 | D:5      | Bought the +2 hat "Cazigraduu" {rElec rC+} for 385 gold
                  | pieces
 10015 | D:11     | XOM: scenery: create altars
 10023 | D:11     | XOM: enchant monster (good)
 10026 | D:11     | Reached skill level 1 in Throwing
 10053 | D:11     | XOM: 2-stop teleportation journey
 10235 | D:11     | Noticed a skeletal warrior
 10237 | D:11     | Noticed a skeletal warrior
 10238 | D:11     | Noticed a skeletal warrior
 10241 | D:11     | Noticed a skeletal warrior
 10242 | D:11     | Noticed a skeletal warrior
 10245 | D:11     | Killed a skeletal warrior
 10246 | D:11     | Noticed a brown ugly thing
 10249 | D:11     | Slain by a skeletal warrior

Illustrated notes

Levels and vault maps discovered:
D:1:      roadster_arrival_rocket_large, layout_rooms, minmay_ruptured
D:2:      layout_basic, basic_altar, hangedman_abyss_or_decor_stabs,
          uniq_terence
D:3:      layout_loops_corners, lemuel_coloured_pillars_altar,
          lightli_temple_of_fire, overflow_temple_1_default,
          yredelemnul_altar_generic, serial_shops, shop, uniq_sigmund
D:4:      layout_rooms, mainiacjoe_overflow_concentric_impassable,
          overflow_temple_1_default, mainiacjoe_overflow_paths, serial_shops,
          shop_fountains, item_on_display_a
D:5:      layout_loops_ring, lemuel_mausoleum_altar_kikubaaqudgha,
          mainiacjoe_overflow_tiny_flanked, minmay_temple_entry_wispy,
          serial_shops, shop, shop_statue, shop, shop, shop,
          uniq_crazy_yiuf_cottage
D:6:      layout_rooms, mainiacjoe_overflow_alcove_4, portal_sewer_entry_d
D:7:      layout_rooms, cheibriados_altar_1, tgw_fedhas,
          nicolae_figureground_pulse, uniq_menkaure, uniq_joseph, uniq_pikel
D:8:      layout_cave_pools, lemuel_round_altar, dancing_weapons_uskayaw,
          led_sif_pool, due_lair_maze_entry_diamond, serial_column_ruins,
          column_ruins_temple_circle, column_ruins_square_medium,
          column_ruins_grid_3, column_ruins_grid_3, column_ruins_open_medium,
          column_ruins_grid_1, column_ruins_columns_plus,
          column_ruins_corridor_corner
D:9:      layout_loops_cross, grunt_temple_overflow_gold_and_silver,
          nicolae_qazlal_eye_of_the_storm, okawaru_ov_weapons_minmay,
          mainiacjoe_overflow_24_doors, david_orc_5,
          kennysheep_decorative_pillar
D:10:     layout_irregular_city, nemelex_xobeh_ov_fountains_minmay, uniq_erolcha
D:11:     layout_cave_pools, serial_column_ruins, column_ruins_hut_pillars,
          column_ruins_hut, column_ruins_open_tiny, column_ruins_grid_1,
          column_ruins_open_small, nicolae_letterblocks
          [nicolae_letter_subblock, nicolae_letter_subblock,
          nicolae_letter_subblock, nicolae_letter_subblock,
          nicolae_letter_subblock, nicolae_letter_subblock,
          nicolae_letter_subblock, nicolae_letter_subblock,
          nicolae_letter_subblock, nicolae_letter_subblock,
          nicolae_letter_subblock, nicolae_letter_subblock,
          nicolae_letter_subblock, nicolae_letter_subblock,
          nicolae_letter_subblock, nicolae_letter_subblock,
          nicolae_letter_subblock, nicolae_letter_subblock,
          nicolae_letter_subblock, nicolae_letter_subblock,
          nicolae_letter_subblock, nicolae_letter_subblock,
          nicolae_letter_subblock, nicolae_letter_subblock,
          nicolae_letter_subblock]
Temple:   ebering_the_one_and_only

Skill      XL: |  1  2  3  4  5  6  7  8  9 10 11 |
---------------+----------------------------------+-----
Dodging        | 1 2 3 4 5 |  5.9
Armour         | 2 3 4 5 6 |  6.0
Polearms       | 1 2 3 4 5 |  5.8
Stealth        | 1 2 3 4 |  4.0
Axes           | 4 5 6 7 |  7.2
Spellcasting   | 1 2 3 |  3.7
Fighting       | 4 5 6 7 |  7.1
Evocations     | 1 2 3 4 5 |  5.2
Shapeshifting  | 1 2 3 |  3.0
Summonings     | 1 2 3 |  3.9
Necromancy     | 1 2 3 |  3.9
Throwing       | 1 |  1.0
Conjurations   | |  0.8
Hexes          | |  0.3
Fire Magic     | |  0.3
Ice Magic      | |  0.5
Earth Magic    | |  0.3

Action                     |  1- 3 |  4- 6 |  7- 9 | 10-12 || total
---------------------------+-------+-------+-------+-------++-------
  Melee: Dagger            |    58 |    29 |       |       ||    87
         Hand axe          |    59 |    79 |   247 |   283 ||   668
         Short sword       |       |    50 |   254 |   281 ||   585
  Evoke: Wand              |       |       |     4 |    14 ||    18
    Use: Scroll            |     1 |       |    12 |    10 ||    23
         Potion            |       |       |     8 |    10 ||    18
   Stab: Sleeping          |     1 |       |       |     1 ||     2
         Confused          |       |     1 |     7 |     6 ||    14
         Petrifying        |       |     1 |       |       ||     1
         Paralysed         |       |       |     6 |     3 ||     9
         Invisible         |       |       |     6 |       ||     6
         Distracted        |       |       |       |     1 ||     1
 Armour: Leather armour    |    38 |       |       |       ||    38
         Scale mail        |       |    54 |   286 |   235 ||   575
         Skin              |       |       |       |     4 ||     4
  Dodge: Dodged            |    37 |    26 |   192 |   150 ||   405

Table legend: (Time is in decaauts)
 A = Elapsed time spent in this place.
 B = Non-inter-level travel time spent in this place.
 C = Inter-level travel time spent in this place.
 D = Time resting spent in this place.
 E = Time spent auto-exploring this place.
 F = Levels seen in this place.
 G = Mean time per level.
                   A        B        C        D        E       F      G
               +--------+--------+--------+--------+--------+-----+--------+
         Total |  10285 |   9612 |    673 |    308 |   7271 |  13 |  791.2 |
       Dungeon |   9943 |   9270 |    673 |    308 |   7052 |  11 |  903.9 |
        Temple |      5 |      5 |      0 |      0 |      0 |   1 |    5.0 |
         Sewer |    336 |    336 |      0 |      0 |    219 |   1 |  336.0 |
               +--------+--------+--------+--------+--------+-----+--------+

Top non-repeatable levels by time:
     D:5: 1509 daAuts
     D:9: 1392 daAuts
     D:7: 1023 daAuts
     D:3: 1004 daAuts
     D:8: 926 daAuts
    D:10: 898 daAuts
     D:4: 855 daAuts
     D:2: 811 daAuts
     D:6: 702 daAuts
     D:1: 514 daAuts
   Sewer: 336 daAuts
    D:11: 305 daAuts
  Temple: 5 daAuts
